 Dungeon Sprint DCSS version 0.26-a0-682-g294304f6e8 (webtiles) character file.

Game seed: 12266111979687300530

48 mhtbhm the Covered (level 3, -7/54 HPs)
             Began as a Minotaur Fighter on Oct 20, 2020.
             Mangled by an ogre
             ... wielding a +0 giant club
              (26 damage)
             ... in the Dungeon (Sprint IX: "|||||||||||||||||||||||||||||").
             The game lasted 00:00:09 (182 turns).

mhtbhm the Covered (Minotaur Fighter)                Turns: 182, Time: 00:00:10

Health: -7/54      AC:  7    Str: 21    XL:     3   Next: 50%
Magic:  2/2        EV:  8    Int:  5    God:
Gold:   0          SH: 10    Dex:  9    Spells: 2/2 levels left

rFire    . . .     SeeInvis .   a - +0 flail
rCold    . . .     Faith    .   c - +0 kite shield
rNeg     . . .     Spirit   .   b - +0 scale mail
rPois    .         Reflect  .   (helmet restricted)
rElec    .         Harm     .   (no cloak)
rCorr    .         Rampage  .   (no gloves)
MR       .....     NoTele   +   (no boots)
Stlth    ..........             (no amulet)
HPRegen  0.18/turn              (no ring)
MPRegen  0.08/turn              (no ring)

@: berserking, very quick
A: retaliatory headbutt, horns 2
a: no special abilities


You were in the Dungeon.
You visited 1 branch

Inventory:

Hand Weapons
 a - a +0 flail (weapon)
Armour
 b - a +0 scale mail (worn)
 c - a +0 kite shield (worn)
Scrolls
 j - a scroll of blinking
Potions
 d - a potion of might
 e - a potion of curing
 g - a potion of haste
 h - 2 potions of magic


   Skills:
 + Level 5.6 Fighting
 + Level 4.2 Maces & Flails
 + Level 5.8 Armour
 + Level 0.2 Dodging
 + Level 5.5 Shields


You had 2 spell levels left.
You didn't know any spells.
Your spell library was empty.

Dungeon Overview and Level Annotations

Branches:
Dungeon (1/1)

Altars:


Innate Abilities, Weirdness & Mutations

You reflexively headbutt those who attack you in melee.
You have a pair of horns on your head.


Message History

You block the iguana's attack.
You hit the iguana but do no damage.
The iguana is lightly wounded.
You block the iguana's attack.
You sock the iguana!
The iguana is severely wounded.
You block the iguana's attack.
You barely miss the iguana. You headbutt the iguana.
You kill the iguana!
Your Maces & Flails skill increases to level 4!
You have reached level 3!
Your experience leads to an increase in your attributes!
Increase (S)trength, (I)ntelligence, or (D)exterity?
You feel stronger.
Unknown command.
You feel much better. The ogre hits you with a +0 giant club!
A red film seems to cover your vision as you go berserk!
You feel yourself moving faster!
You feel mighty!
The ogre hits you with a +0 giant club!!
You die... ▓▓▓▓▓▓▓▓▓▓▓▓▓▓▓▓▓▓ +.....O@...))(..<▓ ▓▓▓▓▓▓▓▓▓▓▓▓▓▓▓▓▓▓

You could see an ogre.

Vanquished Creatures
  An iguana (D)
  A gnoll (D)
  A white imp (D)
  A bat skeleton (D)
  2 giant cockroaches (D)
  A goblin (D)
  2 kobolds (D)
9 creatures vanquished.

Notes
Turn   | Place    | Note
-------+----------+-------------------------------------------
     0 | D        | mhtbhm the Minotaur Fighter began the quest for the Orb.
     0 | D        | Reached XP level 1. HP: 19/19 MP: 0/0
    10 | D        | Reached XP level 2. HP: 14/28 MP: 1/1
   162 | D        | Noticed an ogre
   172 | D        | Reached skill level 5 in Fighting
   172 | D        | Reached skill level 5 in Armour
   172 | D        | Reached skill level 5 in Shields
   180 | D        | Reached XP level 3. HP: 4/36 MP: 2/2
   182 | D        | Mangled by an ogre

Illustrated notes

Levels and vault maps discovered:
D:        linesprint [early_d, line_temple, items_1, d_10, items_2, lair_1,
          lair_end, items_3, orc_1, orc_end, items_4, d_15, swamp_1, shoals_1,
          snake_1, spider_1, d_20, vaults_1, items_5, swamp_end, shoals_end,
          snake_end, spider_end, vaults_end, d_27, items_6, zot_1, zot_end,
          crypt_end, forest_end, elf_end, slime_end, tomb_end, abyss_end,
          pan_hell_end]

Skill      XL: |  1  2 |
---------------+-------+-----
Fighting       | 4 5 |  5.6
Maces & Flails | 3 4 |  4.2
Armour         | 4 5 |  5.8
Shields        | 4 5 |  5.5
Dodging        | |  0.2

Action                   || total
-------------------------++-------
Melee: Flail             ||    31
       Headbutt          ||     6
  Use: Potion            ||     2
Armor: Scale mail        ||     6
Dodge: Dodged            ||     6
Block: Kite shield       ||    14

Table legend: (Time is in decaauts)
 A = Elapsed time spent in this place.
 B = Non-inter-level travel time spent in this place.
 C = Inter-level travel time spent in this place.
 D = Time resting spent in this place.
 E = Time spent auto-exploring this place.
 F = Levels seen in this place.
 G = Mean time per level.
                   A        B        C        D        E       F      G
               +--------+--------+--------+--------+--------+-----+--------+
         Total |    191 |    191 |      0 |    139 |      3 |   1 |  191.0 |
       Dungeon |    191 |    191 |      0 |    139 |      3 |   1 |  191.0 |
               +--------+--------+--------+--------+--------+-----+--------+

Top non-repeatable levels by time:
       D: 191 daAuts
